 Dungeon Crawl Stone Soup version 0.31-a0-263-ge8cad7f256 (webtiles) character file.

Game seed: 9850664066685926080

77 qw the Shooter (level 4, -1/26 HPs)
             Began as a Gargoyle Hexslinger on July 13, 2023.
             Slain by a goblin
             ... wielding a +0 dagger
             ... led by Robin
              (2 damage)
             ... on level 2 of the Dungeon.
             The game lasted 00:00:34 (1396 turns).

qw the Shooter (Gargoyle Hexslinger)                Turns: 1396, Time: 00:00:35

Health: -1/26      AC:  7    Str: 12    XL:     4   Next: 33%
Magic:  5/5        EV: 11    Int: 13    God:
Gold:   5          SH:  0    Dex: 14    Spells: 4/5 levels left

rFire   . . .        Y - +1 sling
rCold   . . .        (no shield)
rNeg    + . .        f - +0 leather armour
rPois   inf          (no helmet)
rElec   +            (no cloak)
rCorr   .            b - +0 pair of gloves
SInv    .            (no boots)
Will    .....        (no amulet)
Stlth   +            (no ring)
HPRegen 0.24/turn    (no ring)
MPRegen 0.09/turn

%: no passive effects
@: no status effects
A: sickness immunity, AC +3, negative energy resistance 1, electricity
resistance, torment resistance 1, petrification resistance
a: no special abilities


You were on level 2 of the Dungeon.
You visited 1 branch of the dungeon, and saw 2 of its levels.

You collected 64 gold pieces.
You spent 59 gold pieces at shops.


Innate Abilities, Weirdness & Mutations

You are immune to sickness and miasma.
Your stone body is resilient. (AC +3)
You are immune to poison.
You resist negative energy. (rN+)
You are resistant to electric shocks. (rElec)
You are resistant to unholy torment.
You are immune to petrification.


   Skills:
 - Level 2.0 Fighting
 + Level 4.1 Ranged Weapons
 - Level 1.5 Dodging
 - Level 1.0 Spellcasting
 - Level 2.6 Hexes


You had 4 spell levels left.
You knew the following spells:

 Your Spells              Type           Power      Damage    Failure   Level
a - Slow                  Hex            28%        N/A       12%         1

Your spell library contained the following spells:

 Spells                   Type           Power      Damage    Failure   Level
 Inner Flame              Hex/Fire       4%         N/A       52%         3
 Portal Projectile        Hex/Tloc       8%         N/A       52%         3
 Cause Fear               Hex            3%         N/A       75%         4

Inventory:

Hand Weapons
 Y - a +1 sling (weapon)
Armour
 b - a +0 pair of gloves (worn)
 f - a +0 leather armour (worn)
 g - a +1 hat
Scrolls
 i - a scroll of enchant armour {unknown}
Potions
 a - a potion of haste {unknown}
 c - a potion of might {unknown}
 d - a potion of invisibility {unknown}
 e - a potion of enlightenment {unknown}
 h - a potion of brilliance {unknown}

Dungeon Overview and Level Annotations

Branches:
Dungeon (2/15)

Altars:

Shops:
D:1 [   D:2 *(*

Annotations:
D:2 Robin


Message History

You shoot a sling bullet.
The sling bullet hits Robin but does no damage.
Robin is moderately wounded.
The goblin hits you but does no damage. Robin hits you but does no damage.
The goblin shoots a sling bullet.
The sling bullet hits you. The goblin hits you with a +0 dagger.
Robin hits you but does no damage.
You shoot a sling bullet. The sling bullet barely misses Robin.
The goblin hits you with a +0 dagger. Robin misses you.
The goblin shoots a sling bullet.
The sling bullet hits you.
You shoot a sling bullet. The sling bullet barely misses Robin.
The goblin closely misses you.
Robin roars a battlecry!
The goblin goes into a battle-frenzy!
The goblin shoots a sling bullet.
The sling bullet misses you.
You shoot a sling bullet.
The sling bullet hits Robin but does no damage.
Robin is moderately wounded.
The goblin hits you but does no damage. Robin hits you but does no damage.
The goblin shoots a sling bullet.
The sling bullet barely misses you.
You shoot a sling bullet. The sling bullet hits Robin.
Robin is heavily wounded.
The goblin no longer looks unusually strong.
The goblin barely misses you.
Robin roars a battlecry!
The goblin goes into a battle-frenzy!
The goblin shoots a sling bullet.
The sling bullet hits you.
Robin hits you with a +2 dagger of protection.
The goblin misses you.
You shoot a sling bullet.
The sling bullet hits Robin but does no damage.
Robin is heavily wounded.
The goblin misses you. Robin barely misses you.
You shoot a sling bullet. The sling bullet barely misses Robin.
The goblin hits you but does no damage.
Robin hits you with a +2 dagger of protection.
The goblin shoots a sling bullet.
The sling bullet barely misses you.
You shoot a sling bullet. The sling bullet hits Robin.
Robin is almost dead.
The goblin hits you with a +0 dagger.
You die...

#...#
#.#######....#
#.#####'#
#.####
#.'.....# #.#
###.###.#
#.#########
#.# #.#
#..........
#.###.###
###########
#.....'.###
...P....
#+#####g..#
#PPP......
#@##.#
##########
#....g.# .#
######.# # #.#
#g# #)# #.#
..#


You could see Robin and 2 goblins.

Vanquished Creatures
  3 adders (D:2)
  3 ball pythons (D:1)
  5 endoplasms
  2 giant cockroaches
  8 goblins
  5 hobgoblins
  5 kobolds (D:1)
  4 quokkas
  3 bats
  A frilled lizard (D:1)
  5 rats
44 creatures vanquished.

Notes
Turn   | Place    | Note
-------+----------+-------------------------------------------
     0 | D:1      | qw the Gargoyle Hexslinger began the quest for the Orb.
     0 | D:1      | Reached XP level 1. HP: 12/12 MP: 2/2
     0 | D:1      | 0 ||| qw: Version: 0.3-a-52-g30416fa
     0 | D:1      | 0 ||| qw: Game counter: 7252
     0 | D:1      | 0 ||| qw: Melee chars always use a shield: true
     0 | D:1      | 0 ||| qw: God list: Okawaru
     0 | D:1      | 0 ||| qw: Allow faded altars: false
     0 | D:1      | 0 ||| qw: Do Orc after clearing Dungeon:15 true
     0 | D:1      | 0 ||| qw: Do second Lair branch before Depths: true
     0 | D:1      | 0 ||| qw: Lair rune preference: random
     0 | D:1      | 0 ||| qw: Goals: Normal
     0 | D:1      | 0 ||| PLANNING D:1-11
    70 | D:1      | Reached XP level 2. HP: 16/16 MP: 3/3
   212 | D:1      | Reached skill level 3 in Ranged Weapons
   328 | D:1      | Reached XP level 3. HP: 21/21 MP: 4/4
   363 | D:1      | You fall into a shaft and drop 1 floor!
   453 | D:2      | Found Yczugug's Antique Weapon Shoppe.
   457 | D:2      | Found Ubour's General Store.
   463 | D:2      | 463 ||| UPGRADING to +0 leather armour.
   473 | D:2      | 473 ||| DROPPING +0 robe.
   474 | D:2      | 474 ||| READING scroll labelled ASEITW EPPEO.
   478 | D:2      | 478 ||| READING scroll labelled YSSYEXAO JONUNG.
   479 | D:2      | 479 ||| DROPPING scroll of poison.
   793 | D:1      | Found Vitauluh's Armour Shop.
   797 | D:1      | 797 ||| BUYING +0 pair of gloves (45 gold).
   797 | D:1      | Bought a +0 pair of gloves for 45 gold pieces
   797 | D:1      | 797 ||| SHOPLISTING +0 ring mail (40 gold, have 3).
   797 | D:1      | 797 ||| SHOPLISTING +3 leather armour of cold resistance
                  | (240 gold, have 3).
   976 | D:1      | 976 ||| UPGRADING to +0 pair of gloves.
  1017 | D:2      | 1017 ||| SHOPLISTING +0 ring mail (44 gold, have 19).
  1017 | D:2      | 1017 ||| SHOPLISTING potion of heal wounds (55 gold, have
                  | 19).
  1017 | D:2      | 1017 ||| SHOPLISTING potion of mutation (88 gold, have 19).
  1017 | D:2      | 1017 ||| SHOPLISTING potion of resistance (110 gold, have
                  | 19).
  1017 | D:2      | 1017 ||| SHOPLISTING scroll of identify (22 gold, have 19).
  1083 | D:2      | Found Wolamol's Assorted Antiques.
  1091 | D:2      | 1091 ||| SHOPLISTING encrusted copper wand (64 gold, have
                  | 19).
  1091 | D:2      | 1091 ||| BUYING fizzy inky potion (14 gold).
  1091 | D:2      | Bought a fizzy inky potion for 14 gold pieces
  1091 | D:2      | 1091 ||| SHOPLISTING fuming inky potion (14 gold, have 5).
  1091 | D:2      | 1091 ||| SHOPLISTING purple potion (14 gold, have 5).
  1091 | D:2      | 1091 ||| SHOPLISTING scroll labelled IFFYP NECKUNNI (16
                  | gold, have 5).
  1290 | D:2      | Reached XP level 4. HP: 24/26 MP: 5/5
  1375 | D:2      | Reached skill level 4 in Ranged Weapons
  1379 | D:2      | Noticed Robin
  1390 | D:2      | HP: 6/26 [goblin/sling bullet[Robin] (2)]
  1395 | D:2      | HP: 1/26 [Robin/+2 dagger of protection (2)]
  1396 | D:2      | Slain by a goblin

Levels and vault maps discovered:
D:1:      dpeg_arrival_radiant, layout_loops_ring, serial_shops,
          nicolae_shop_pleasant_corner_grove, hex_medium, minmay_ruptured
D:2:      layout_loops_ring, serial_aquarium, aquarium_bridge_straight
          [aquarium_subvault_bridge, aquarium_subvault_wall,
          aquarium_subvault_bridge, aquarium_subvault_wall], aquarium_window_3,
          aquarium_window_fake, aquarium_window_1, aquarium_window_1,
          aquarium_view_2e, aquarium_view_2c, aquarium_pool_1, serial_shops,
          shop, shop, shop, minmay_misc_feat_encased, uniq_robin

Skill      XL: |  1  2  3  4 |
---------------+-------------+-----
Ranged Weapons | 3 4 |  4.1
Fighting       | 2 |  2.0
Dodging        | |  1.5
Spellcasting   | |  1.0
Hexes          | |  2.6

Action                     |  1- 3 |  4- 6 || total
---------------------------+-------+-------++-------
   Fire: Sling             |   134 |    24 ||   158
    Use: Scroll            |     2 |       ||     2
 Armour: Robe              |    10 |       ||    10
         Leather armour    |    22 |    11 ||    33
  Dodge: Dodged            |    50 |    19 ||    69

Table legend:
 A = Non-vault XP
 B = Vault XP
 C = Vault XP percentage of total XP
 D = Non-vault monster count
 E = Vault monster count
 F = Vault count percentage of total count
                 A         B        C        D         E       F
            +---------+---------+-------+---------+---------+-------
      Total |      97 |      13 |  11.8 |      37 |       7 |  15.9
            +---------+---------+-------+---------+---------+-------
        D:1 |      39 |       5 |  11.4 |      23 |       3 |  11.5
        D:2 |      58 |       8 |  12.1 |      14 |       4 |  22.2
            +---------+---------+-------+---------+---------+-------
